 Dungeon Crawl Stone Soup version 0.25.1-8-g42b30a86e7 (webtiles) character file.

Game seed: 9564307355943716375

20738 hawla the Cruncher (level 12, -5/106 HPs)
             Began as a Purple Draconian Conjurer on Dec 13, 2020.
             Was an Elder of Vehumet.
             Slain by a hellwing (7 damage)
             ... summoned by Frances
             ... on level 12 of the Dungeon.
             The game lasted 00:52:04 (16692 turns).

hawla the Cruncher (Purple Draconian Conjurer)     Turns: 16692, Time: 00:52:05

Health: -5/106     AC:  8    Str: 11    XL:     12   Next: 48%
Magic:  21/35      EV: 13    Int: 26    God:    Vehumet [****..]
Gold:   564        SH:  0    Dex: 11    Spells: 14/31 levels left

rFire    . . .     SeeInvis +   p - +1 quarterstaff (flame)
rCold    . . .     Gourm    .   (shield currently unavailable)
rNeg     . . .     Faith    .   (armour unavailable)
rPois    +         Spirit   .   (helmet restricted)
rElec    +         Reflect  .   i - +2 cloak {rCorr}
rCorr    +         Harm     .   (no gloves)
MR       +....                  G - +0 pair of boots of Loss {rElec rPois Int+5 Stlth+}
Stlth    +++.......             u - amulet of inaccuracy (curse)
HPRegen  0.27/turn              D - ring of magical power
MPRegen  0.24/turn              h - ring of see invisible

@: brilliant, short of breath, corroded
A: breathe power, unfitting armour, cold-blooded, AC +8
a: Breathe Dispelling Energy, Renounce Religion


You were on level 12 of the Dungeon.
You worshipped Vehumet.
Vehumet was greatly pleased with you.
You were hungry.

You visited 2 branches of the dungeon, and saw 13 of its levels.

You collected 564 gold pieces.

Inventory:

Hand Weapons
 p - a +1 quarterstaff of flaming (weapon)
Missiles
 f - 2 curare-tipped darts (quivered)
Armour
 i - a +2 cloak of preservation (worn)
 G - the +0 pair of boots of Loss (worn) {rElec rPois Int+5 Stlth+}
   (You found it on level 9 of the Dungeon)

   It affects your intelligence (+5).
   It insulates you from electricity.
   It protects you from poison.
   It makes you more stealthy.
Jewellery
 a - an uncursed ring of fire
 d - an uncursed ring of protection from fire {unknown}
 h - a ring of see invisible (right hand)
 m - a +4 ring of evasion
 u - a cursed amulet of inaccuracy (around neck)
 y - an uncursed ring of stealth
 B - an uncursed ring of wizardry
 D - a ring of magical power (left hand)
Wands
 k - a wand of digging (12)
 x - a wand of flame (18)
 z - a wand of disintegration (11)
Scrolls
 e - 2 scrolls of fear
 j - 2 scrolls of teleportation
 o - 9 scrolls of amnesia
 r - a scroll of magic mapping
 w - 2 scrolls of identify
Potions
 g - 2 potions of curing
 n - 3 potions of haste
 s - a potion of cancellation
 F - 2 potions of flight
 H - a potion of stabbing
Comestibles
 b - 27 rations


   Skills:
 + Level 10.1 Fighting
 + Level 10.4 Staves
 - Level 1.0 Throwing
 - Level 4.0 Dodging
 - Level 3.0 Stealth
 - Level 10.0 Spellcasting
 - Level 8.9 Conjurations
 - Level 3.9 Translocations
 - Level 3.7 Transmutations
 + Level 0.6 Fire Magic
 - Level 5.8 Ice Magic
 - Level 4.0 Evocations


You had 14 spell levels left.
You knew the following spells:

 Your Spells              Type           Power        Failure   Level  Hunger
a - Magic Dart            Conj           ####         1%          1    None
b - Searing Ray           Conj           ######       1%          2    None
c - Iskenderun's Mystic   Conj/Tloc      ######..     1%          4    None
d - Freeze                Ice            ####         1%          1    None
e - Fireball              Conj/Fire      ######....   5%          5    None
f - Ice Form              Ice/Tmut       ######..     6%          4    None

Your spell library contained the following spells:

 Spells                   Type           Power        Failure   Level  Hunger
 Beastly Appendage        Tmut           #####.       1%          1    None
 Sticks to Snakes         Tmut           #####...     1%          2    None
 Dazzling Flash           Conj/Hex       ######       1%          3    None
 Sting                    Tmut/Pois      ####         2%          1    None
 Fulminant Prism          Conj/Hex       ######....   2%          4    None
 Spider Form              Tmut/Pois      ####......   6%          3    None
 Blade Hands              Tmut           #####.....   28%         5    None


Dungeon Overview and Level Annotations

Branches:
Dungeon (12/15)            Temple (1/1) D:4            Lair (0/6) D:9
    Orc (0/2) D:9

Altars:
Ashenzari
Cheibriados
Dithmenos
Elyvilon
Fedhas
Gozag
Hepliaklqana
Kikubaaqudgha
Makhleb
Nemelex Xobeh
Okawaru
Qazlal
Ru
Sif Muna
Trog
Uskayaw
Vehumet
Wu Jian
Xom
Yredelemnul
Zin
The Shining One

Shops:
D:6 *   D:12 [

Annotations:
D:5 1 runed translucent door
D:9 3 runed translucent doors, Berzach's ghost, novice DsGl
D:11 1 runed translucent door
D:12 Frances


Innate Abilities, Weirdness & Mutations

You can breathe bolts of dispelling energy.
Your rich purple scales are hard. (AC +8)
You cannot fit into any form of body armour.
You are cold-blooded and may be slowed by cold attacks.


Message History

Frances says, "I am undefeated in single-handed combat."
Frances hits you from afar with a +0 glaive!!
* * * LOW HITPOINT WARNING * * *
The rust devil completely misses you. The hellwing hits you.
* * * LOW HITPOINT WARNING * * *
The hellwing hits you but does no damage.
Casting: Searing Ray (safe; 1% risk of failure)
Confirm with . or Enter, or press ? or * to list all spells.
You feel a surge of power!
You erupt in a blast of force!
The mystic blast hits Frances.
Frances is almost dead.
Frances is knocked back by the mystic blast.
The mystic blast hits the hellwing.
The hellwing is moderately wounded.
The mystic blast misses the rust devil.
The rust devil hits you.
* * * LOW HITPOINT WARNING * * *
The rust devil corrodes you! The hellwing hits you!
* * * LOW HITPOINT WARNING * * *
The hellwing hits you!
You die...

'###### #####+###
......# #.......#
......####.......#
.(....+.##.......#
......#..'.......#
......####.....4.#
......# #.<@..4@#
....(.# ###'#####
.###+## #. . #. #.
#. #. #@


You could see Frances, a hellwing (summoned) and a rust devil (summoned).

Vanquished Creatures
  Harold (D:9)
  4 hydras (D:11)
  2 two-headed ogres
  Nergalle (D:10)
  2 unseen horrors (D:11)
  A deep elf mage (D:11)
  3 manticores
  2 ugly things (D:11)
  2 cyclopes (D:11)
  Joseph (D:10)
  2 centaur zombies
  A gargoyle (D:10)
  2 trolls (D:11)
  Prince Ribbit (D:8)
  3 hippogriffs
  5 hornets
  2 wyverns
  16 yaks
  A shadow (D:12)
  2 hungry ghosts
  Grum (D:10)
  An acid dragon (D:11)
  A hornet zombie (D:10)
  2 sky beasts (D:5)
  2 black bears
  A swamp drake (D:9)
  3 orc warriors (D:9)
  An ice beast (D:8)
  3 necrophages
  An ogre (D:9)
  3 wolves (D:10)
  A phantom (D:4)
  4 centaurs
  A crocodile (D:9)
  2 big kobolds (D:11)
  8 bullfrogs
  A water moccasin zombie (D:8)
  A wyvern skeleton (D:8)
  5 scorpions
  5 killer bees (D:11)
  3 wights (D:10)
  2 howler monkeys
  4 crimson imps
  A bullfrog zombie (D:6)
  2 jellies
  5 hounds
  8 orc priests
  A bullfrog skeleton (D:6)
  An iguana (D:3)
  11 orc wizards
  Crazy Yiuf (D:2)
  2 centaur skeletons
  Terence (D:3)
  9 worker ants
  2 hound zombies
  2 hound skeletons
  A howler monkey zombie (D:8)
  A worker ant zombie (D:8)
  4 gnolls (D:7)
  13 adders
  2 shadow imps
  2 oozes
  3 adder skeletons
  4 worms
  5 leopard geckos
  35 orcs
  9 giant cockroaches
  9 hobgoblins
  10 jackals
  5 quokkas
  5 bats (D:1)
  10 frilled lizards
  17 kobolds
  A leopard gecko skeleton (D:6)
  A quokka skeleton (D:3)
  2 quokka zombies
  5 rats
300 creatures vanquished.

Notes
Turn   | Place    | Note
-------+----------+-------------------------------------------
     0 | D:1      | hawla the Draconian Conjurer began the quest for the Orb.
     0 | D:1      | Reached XP level 1. HP: 14/14 MP: 3/3
   536 | D:1      | Reached XP level 2. HP: 20/20 MP: 1/5
   540 | D:1      | Learned a level 2 spell: Searing Ray
  1468 | D:2      | Reached XP level 3. HP: 23/26 MP: 4/7
  2201 | D:2      | You fall into a shaft and drop 2 floors!
  2202 | D:4      | Noticed a phantom
  2217 | D:4      | Noticed a scorpion
  2221 | D:4      | HP: 1/26 [worker ant (6)]
  2233 | D:3      | Reached XP level 4. HP: 10/33 MP: 0/10
  2461 | D:3      | Noticed Terence
  2575 | D:2      | Found a runed translucent door.
  2576 | D:2      | Noticed Crazy Yiuf
  2777 | D:2      | Killed Crazy Yiuf
  2867 | D:3      | Killed Terence
  2867 | D:3      | Reached skill level 5 in Spellcasting
  2867 | D:3      | Reached XP level 5. HP: 27/38 MP: 0/12
  3304 | D:3      | You fall into a shaft and drop 3 floors!
  3397 | D:5      | Entered Level 5 of the Dungeon
  3445 | D:5      | Noticed a centaur
  3461 | D:5      | Killed a centaur
  3461 | D:5      | Reached XP level 6. HP: 28/45 MP: 5/14
  4023 | D:4      | Your scales start taking on a rich purple colour.
  4023 | D:4      | Reached XP level 7. HP: 27/50 MP: 2/19
  4032 | D:4      | Learned a level 4 spell: Iskenderun's Mystic Blast
  4367 | D:4      | Found a white marble altar of Elyvilon.
  4399 | D:4      | Found a staircase to the Ecumenical Temple.
  4409 | Temple   | Entered the Ecumenical Temple
  4660 | Temple   | Became a worshipper of Vehumet
  5218 | D:5      | Noticed a hippogriff
  5226 | D:5      | Killed a hippogriff
  5226 | D:5      | Reached skill level 5 in Conjurations
  5226 | D:5      | Reached XP level 8. HP: 57/57 MP: 8/20
  5236 | D:5      | Found an iron altar of Okawaru.
  5411 | D:5      | Found a runed translucent door.
  5411 | D:5      | Noticed an angel
  5417 | D:5      | Found a white marble altar of Elyvilon.
  5645 | D:6      | Reached * piety under Vehumet
  5645 | D:6      | Offered knowledge of Freeze by Vehumet.
  5782 | D:6      | Found a shimmering blue altar of Sif Muna.
  5793 | D:6      | Learned a level 1 spell: Freeze
  5939 | D:6      | Reached skill level 1 in Ice Magic
  6331 | D:6      | Found Xilat's Assorted Antiques.
  6839 | D:7      | Reached skill level 1 in Fighting
  6984 | D:7      | Reached skill level 1 in Staves
  7209 | D:7      | Reached XP level 9. HP: 46/67 MP: 8/21
  7817 | D:7      | Offered knowledge of Sandblast by Vehumet.
  7989 | D:7      | Reached ** piety under Vehumet
  8306 | D:8      | Noticed Prince Ribbit
  8319 | D:8      | Killed Prince Ribbit
  8319 | D:8      | Reached skill level 5 in Fighting
  8326 | D:7      | Reached skill level 5 in Staves
  8440 | D:8      | Paralysed by a hornet for 2 turns
  8452 | D:7      | Paralysed by a hornet for 1 turns
  8849 | D:8      | Noticed a two-headed ogre
  8862 | D:8      | Killed a two-headed ogre
  8862 | D:8      | Reached XP level 10. HP: 66/83 MP: 9/23
  9272 | D:8      | Reached skill level 1 in Evocations
  9968 | D:9      | Offered knowledge of Ignite Poison by Vehumet.
 10199 | D:9      | Noticed a manticore
 10201 | D:9      | Noticed Harold
 10266 | D:9      | Found a staircase to the Lair.
 10519 | D:9      | Got a pair of twisted boots
 10530 | D:9      | Reached *** piety under Vehumet
 10530 | D:9      | Killed a manticore
 10900 | D:9      | Killed Harold
 11085 | D:9      | Found a staircase to the Orcish Mines.
 11371 | D:9      | Found an ancient bone altar of Kikubaaqudgha.
 11385 | D:9      | Reached XP level 11. HP: 90/90 MP: 15/24
 11451 | D:9      | Found a runed translucent gate.
 11451 | D:9      | Found a runed translucent gate.
 11451 | D:9      | Found a runed translucent gate.
 11453 | D:9      | Noticed Berzach's ghost (novice DsGl)
 11550 | D:9      | Identified the +0 pair of boots of Loss {rElec rPois Int+5
                  | Stlth+} (You found it on level 9 of the Dungeon)
 11575 | D:10     | Entered Level 10 of the Dungeon
 11686 | D:10     | Offered knowledge of Mephitic Cloud by Vehumet.
 11875 | D:10     | Reached skill level 10 in Spellcasting
 12000 | D:10     | You fall into a shaft and drop 2 floors!
 12001 | D:12     | Noticed a white ugly thing
 12172 | D:11     | Reached skill level 1 in Throwing
 12552 | D:11     | Noticed a two-headed ogre
 12560 | D:11     | Killed a two-headed ogre
 12563 | D:11     | Reached **** piety under Vehumet
 12801 | D:11     | Found a hazy altar of Hepliaklqana.
 12836 | D:11     | Offered knowledge of Fireball by Vehumet.
 12849 | D:11     | Learned a level 5 spell: Fireball
 12988 | D:11     | Noticed a five-headed hydra
 12992 | D:11     | Killed a five-headed hydra
 12995 | D:11     | Noticed a five-headed hydra
 13001 | D:11     | Killed a five-headed hydra
 13220 | D:11     | Noticed an unseen horror
 13220 | D:11     | Noticed a white ugly thing
 13221 | D:11     | Noticed a red ugly thing
 13224 | D:11     | Noticed an unseen horror
 13738 | D:11     | Noticed a deep elf mage
 13762 | D:11     | Killed an unseen horror
 13778 | D:11     | Killed a deep elf mage
 13778 | D:11     | Reached XP level 12. HP: 67/104 MP: 26/26
 13932 | D:11     | Reached skill level 10 in Staves
 14164 | D:11     | Noticed a four-headed hydra
 14176 | D:11     | Killed a four-headed hydra
 14176 | D:11     | Reached skill level 10 in Fighting
 14188 | D:11     | Learned a level 4 spell: Ice Form
 14396 | D:6      | Identified Sif Muna's Catalogue of Contamination
 14523 | D:10     | Noticed Joseph
 14531 | D:10     | Killed Joseph
 14531 | D:10     | Reached skill level 1 in Transmutations
 14737 | D:10     | Noticed Nergalle
 14753 | D:10     | Killed Nergalle
 14951 | D:10     | Reached skill level 5 in Ice Magic
 15272 | D:10     | Noticed Grum
 15280 | D:10     | Killed Grum
 15477 | D:11     | Found a runed translucent door.
 15812 | D:11     | Noticed a four-headed hydra
 15823 | D:11     | Killed a four-headed hydra
 16224 | D:12     | Found Sanlyubi's Antique Armour Boutique.
 16342 | D:12     | Noticed a fire dragon
 16665 | D:12     | Noticed Frances
 16692 | D:12     | HP: 2/106 [hellwing[Frances] (7)]
 16692 | D:12     | Slain by a hellwing

Illustrated notes

Levels and vault maps discovered:
D:1:      minmay_arrival_floating_metal, layout_loops_corners,
          hangedman_decor_push
D:2:      layout_rooms, first_ration, grunt_decor_resistance, st_stairs_6,
          uniq_crazy_yiuf_cottage
D:3:      layout_rooms, hangedman_decor_riveting, uniq_terence
D:4:      layout_rooms, minmay_temple_entry_glass, elyvilon_altar_4
D:5:      layout_cave_pools, okawaru_trees_2, lemuel_angel_altar
D:6:      cheibrodos_quashed, layout_loops_ring, serial_shops, shop,
          serial_bayou_pond_e, minmay_misc_feat_cross, led_sif_book
D:7:      layout_basic
D:8:      layout_cave_pods, minmay_diamond_spiral, uniq_prince_ribbit1
D:9:      layout_loops_ring, dpeg_oklobed_lair, erik_orc_1,
          gammafunk_ghost_necromancy, basic_altar, uniq_harold
D:10:     layout_roguey, hangedman_pestilent_swarm, kennysheep_dice, uniq_grum,
          uniq_nergalle, uniq_joseph
D:11:     minmay_the_grid_four_pointed_star
          [minmay_the_grid_triangle_9x9_subtriangle,
          minmay_the_grid_triangle_9x9_swiss_cheese,
          minmay_the_grid_triangle_9x9_windchime,
          minmay_the_grid_triangle_9x9_cache,
          minmay_the_grid_prize_four_corners], layout_small_grid, basic_altar
D:12:     layout_roguey, serial_shops, shop, gammafunk_ghost_hydra_chop,
          minivault_16, minmay_lindwurm_lava, uniq_frances
Temple:   roderic_octagonal_lattice_temple

Skill      XL: |  1  2  3  4  5  6  7  8  9 10 11 12 |
---------------+-------------------------------------+-----
Spellcasting   | 3 4 5 8 9 10 | 10.0
Translocations | 3 |  3.9
Conjurations   | 5 7 8 |  8.9
Ice Magic      | 3 4 5 |  5.8
Dodging        | 2 3 4 |  4.0
Fighting       | 1 6 9 10 | 10.1
Staves         | 1 6 7 9 10 | 10.4
Evocations     | 3 4 |  4.0
Stealth        | 2 3 |  3.0
Throwing       | 1 |  1.0
Transmutations | 3 |  3.7
Fire Magic     | |  0.6

Action                   |  1- 3 |  4- 6 |  7- 9 | 10-12 || total
-------------------------+-------+-------+-------+-------++-------
Melee: Unarmed           |    38 |     2 |       |       ||    40
       Tailslap          |     5 |     1 |       |     1 ||     7
       Quarterstaff      |       |    13 |    26 |    43 ||    82
 Cast: Magic Dart        |    56 |    35 |    73 |   106 ||   270
       Searing Ray       |    14 |    29 |    68 |   104 ||   215
       Iskenderun's Myst |       |       |    18 |    81 ||    99
       Freeze            |       |       |    11 |     9 ||    20
       Fireball          |       |       |       |     6 ||     6
       Ice Form          |       |       |       |     1 ||     1
 Abil: Breathe Dispellin |       |       |     1 |     4 ||     5
Evoke: Wand              |       |       |       |    11 ||    11
  Use: Potion            |     3 |     1 |     5 |     8 ||    17
       Scroll            |     1 |     4 |     9 |    15 ||    29
  Eat: Chunk             |     5 |     4 |    13 |    17 ||    39
       Ration            |       |     1 |       |     3 ||     4
Armor: Skin              |    23 |    19 |    66 |   127 ||   235
Dodge: Dodged            |    66 |    54 |   100 |   169 ||   389
